Unix NetHack Version 5.0.0-0 post-release - last build Jun 10 2026 00:39:30 (3ee93aec679c4c4259841fe613dc97188e26a321,branch:main).

Game began 2026-06-22 20:28:02, ended 2026-06-22 20:45:16.

DaveT, lawful male human Priest

                                -----     ---------
                               #-....#####|.......|#####
          -------------     ####|...|#   #|.......|    #
 -----    |...........|   ###  #+...|#   `........|    #     ---------
 |....####|...........-####     |...|#    |.......|    #     |.......|
 |.<.|   #|...........|         -----##   ........|    #     |.......|
 |...| ###-...........|    ###      ##    |.......|    ###   |>......|
 |.{..## #-------------#    #)       #    ----.----      ##  |.......|
 |...|   #####################i@#############################."......|
 |...|           #          #        #       #               ---------
 -----           #          #       ##     ###
                ##          #       #      #
              ###           #       #    ###
             -|-------------#      ##    #
             |............(|#      #######
             |..............#     #-.------------- #
             |.............|      #-.............-%#
             |.............|       |.............|
             ---------------       ---------------

DaveT the Adept              St:12 Dx:13 Co:14 In:6 Wi:6 Ch:11  Lawful
Dlvl:6  $:181 HP:0(62) Pw:80(80) AC:0  Xp:6 T:3209  Burdened

Latest messages:
 You kill the killer bee!
 You hit the killer bee.
 You knock the killer bee back with a powerful strike!
 The killer bee bumps into it.
 You miss the killer bee.
 The killer bee misses!
 The killer bee stings!
 You hit the killer bee.
 The killer bee misses!
 You kill the killer bee!
 You miss the killer bee.
 What do you want to wield? [- akuDQ or ?*] a
 You are already wielding that!
 You miss the killer bee.
 The killer bee stings!
 You miss the killer bee.
 The killer bee misses!
 You miss the killer bee.
 The killer bee stings!
 The killer bee stings!
 The killer bee's sting was poisoned!
 You miss the killer bee.
 The killer bee just misses!
 The killer bee stings!
 You miss the killer bee.
 The killer bee misses!
 The killer bee misses!
 You miss the killer bee.
 The killer bee misses!
 You kill the killer bee!
 You hit the gnome.
 The gnome swings her thonged club.
 The gnome misses!
 You kill the gnome!
 The homunculus misses!
 You hit the homunculus!
 The homunculus bites!
 The homunculus misses!
 You hit the homunculus.
 The homunculus bites!
 You hit the homunculus.
 The homunculus bites!
 You are put to sleep by the homunculus!
 The homunculus bites!
 The homunculus bites!
 The homunculus bites!
 The homunculus bites!
 You die...
 Do you want your possessions identified? [ynq] (y) y
 Do you want to see your attributes? [ynq] (y) q

Inventory:
 Coins    ('$')
  $ - 181 gold pieces
 Weapons  (')')
  k - 11 +0 arrows
  u - 10 +0 darts
  D - a rustproof +0 orcish dagger (at the ready)
  Q - a +0 orcish dagger
  a - a blessed corroded +1 mace (weapon in left hand)
 Armor    ('[')
  W - a cursed +0 dunce cap (being worn)
  E - a +0 orcish helm
  c - a +0 small shield (being worn)
  b - a +2 robe (being worn)
  H - a +0 chain mail (being worn)
 Comestibles  ('%')
  e - 2 cloves of garlic
  s - 4 food rations
  j - a fortune cookie
  F - a lembas wafer
  f - 2 sprigs of wolfsbane
 Scrolls  ('?')
  g - 2 scrolls of blank paper
  J - a cursed scroll of blank paper
  z - a cursed scroll of create monster
  h - a cursed scroll of destroy armor
  V - 2 scrolls of enchant armor
  q - a cursed scroll of remove curse
  S - a scroll of scare monster
  B - a cursed scroll of scare monster
 Spellbooks  ('+')
  v - a spellbook of healing
  X - a spellbook of slow monster
 Potions  ('!')
  y - a cursed potion of fruit juice
  C - a blessed potion of gain energy
  l - 8 potions of healing
  N - a cursed potion of oil
  A - a cursed potion of sickness
 Rings    ('=')
  Z - a +2 ring of adornment
  G - a cursed ring of invisibility
  I - a cursed ring of polymorph
  m - a ring of teleport control
 Wands    ('/')
  K - a wand of digging (0:6)
  o - a wand of make invisible (0:6)
  P - a wand of make invisible (0:6)
  Y - a wand of make invisible (0:4)
  M - a wand of probing (0:4)
  L - a wand of sleep (0:3)
 Tools    ('(')
  O - a blindfold
  w - a lock pick
  i - a blessed magic marker (0:0)
  R - a cursed magic marker (0:19)

DaveT the Priest's attributes:

Background:
 You were an Adept, a level 6 human Priest.
 You were lawful, on a mission for Issek
 who was opposed by Mog (neutral) and Kos (chaotic).
 You were left-handed.
 You were in the Dungeons of Doom, on level 6.
 You entered the dungeon 3209 turns ago.
 You had 586 experience points, 54 more were needed to attain level 7.

Basics:
 You had 0 out of 62 hit points.
 You had all 80 energy points (spell power).
 Your armor class was 0.
 Your wallet contained 181 zorkmids.
 Autopickup was off.

Final Characteristics:
 Your strength was 12 (limit:18/100).
 Your dexterity was 13 (limit:18).
 Your constitution was 14 (limit:18).
 Your intelligence was 6 (base:11, limit:18).
 Your wisdom was 6 (base:17, peak:18, limit:18).
 Your charisma was 11 (limit:18).

Final Status:
 You weren't hungry.
 You were burdened; movement was slightly slowed.
 You were wielding a mace.
 You were skilled in mace.

Final Attributes:
 You were piously aligned.
 You were guarded.
 Your spell casting was impaired by metallic armor, mitigated by your robe.
 You were fast.
 You are dead.

Miscellaneous:
 You encountered 1 bones level.
 Total elapsed playing time was 17 minutes and 14 seconds.

Major events:
 Turn
    1: DaveT the lawful human Priest entered the dungeon
  551: attained the rank of Acolyte (level 3)
  760: entered the Gnomish Mines
 2564: attained the rank of Adept (level 6)
 3209: killed by a homunculus, while sleeping

Spells:
 Name                 Level Category     Fail Retention
 light                  1   clerical      75%   81%-90%
 detect food            2   divination   100%  76%-100%
 create monster         2   clerical      75%  91%-100%
 healing                1   healing       66%  76%-100%

Skills:
 Fighting Skills
   bare handed combat [Unskilled]
 Weapon Skills
   club               [Unskilled]
   mace               [Skilled]
   morning star       [Unskilled]
   flail              [Unskilled]
   hammer             [Unskilled]
   quarterstaff       [Unskilled]
   polearms           [Unskilled]
   spear              [Unskilled]
   trident            [Unskilled]
   lance              [Unskilled]
   bow                [Unskilled]
   sling              [Unskilled]
   crossbow           [Unskilled]
   dart               [Unskilled]
   shuriken           [Unskilled]
   boomerang          [Unskilled]
   unicorn horn       [Unskilled]
 Spellcasting Skills
   healing spells     [Unskilled]
   divination spells  [Unskilled]
   clerical spells    [Basic]

Voluntary challenges:
 Character rerolling was not enabled.
 You never genocided any monsters.
 You never polymorphed an object.
 You never changed form.
 You used no wishes.
Achievements:
 You attained the rank of Acolyte.
 You entered the Gnomish Mines.
 You attained the rank of Adept.

 The Dungeons of Doom: levels 1 to 8
    Level 1:
       A fountain.
    Level 2:
       Some fountains.
    Level 3:
       A fountain.
       Stairs down to The Gnomish Mines.
    Level 4:
       Some fountains, a sink.
    Level 5:
       A fountain.
    Level 6: <- You were here.
       A fountain.
       Final resting place for
          you, killed by a homunculus, while sleeping.
    Level 7:
       Many fountains, a grave.
       Final resting place for
          Eisengrim-Wiz-Elf-Mal-Cha, killed by a kitten.
    Level 8:
 The Gnomish Mines:
    Level 4:


Vanquished creatures:
  a ghost
  2 housecats
  a jaguar
  a rock mole
  3 fog clouds
  a yellow light
  a shrieker
  a gnomish wizard
  3 ghouls
  a paper golem
  a giant ant
  3 kittens
  a dwarf
  2 rothes
  a rabid rat
  a giant bat
  4 orc zombies
  a dwarf zombie
  2 iguanas
  4 killer bees
 an acid blob
  a large kobold
  3 giant rats
  a cave spider
  2 brown molds
  a green mold
  a gnome
  5 geckos
  5 jackals
  3 foxes
  a kobold
  2 goblins
  a grid bug
  a bat
  5 lichens
  4 kobold zombies
  5 newts
77 creatures vanquished.

No species were genocided or became extinct.

Game over:
                       ----------
                      /          \
                     /    REST    \
                    /      IN      \
                   /     PEACE      \
                  /                  \
                  |      DaveT       |
                  |      181 Au      |
                  |   killed by a    |
                  |    homunculus    |
                  |                  |
                  |                  |
                  |       2026       |
                 *|     *  *  *      | *
        _________)/\\_//(\/(/\)/\//\/|_)_______

Goodbye DaveT the Priest...

You died in The Dungeons of Doom on dungeon level 6 with 3007 points,
and 181 pieces of gold, after 3209 moves.
You were level 6 with a maximum of 62 hit points when you died.

